 Dungeon Crawl Stone Soup version bcrawl-1.21.3 (webtiles) character file.

Game seed: 1107442101212872710

25 Flugslaktarn the Sneak (level 2, 5/17 HPs)
             Began as a Skeleton Archaeologist on Mar 28, 2020.
             Quit the game on level 2 of the Dungeon.
             The game lasted 00:01:05 (1628 turns).

Flugslaktarn the Sneak (Skeleton Archaeologist)     Turns: 1628, Time: 00:01:06

Health: 5/17       AC:  9    Str: 17      XL:     2   Next: 82%
Magic:  2/2        EV: 11    Int: 11 (12) God:
Gold:   34         SH:  0    Dex:  7      Spells: 1/1 levels left

rFire    . . .     SeeInvis .   a - +0 whip
rCold    + . .     Gourm    .   (no shield)
rNeg     + + +     Faith    .   h - +0 scale mail
rPois    ∞         Spirit   +   c - +1 hat
rElec    .         Reflect  .   (no cloak)
rCorr    .         Harm     .   (no gloves)
MR       .....                  d - +1 pair of boots
Stlth    +.........             (no amulet)
HPRegen  0.05/turn              (no ring)
MPRegen  0.08/turn              (no ring)

@: no status effects
A: no food or potions, cold resistance 1, deterioration 1, negative energy
resistance 3, torment resistance, unbreathing, magic shield, sturdy frame 1,
spell healing
a: no special abilities


You were on level 2 of the Dungeon.
You were not hungry.

You visited 1 branch of the dungeon, and saw 2 of its levels.

You collected 34 gold pieces.

Inventory:

Hand Weapons
 a - a +0 whip (weapon)
Armour
 b - a +1 robe
 c - a +1 hat (worn)
 d - a +1 pair of boots (worn)
 h - a +0 scale mail (worn)
   (You found it on level 1 of the Dungeon)
Jewellery
 g - an uncursed ring of magical power {unknown}
   (You found it on level 1 of the Dungeon)
Scrolls
 e - 3 scrolls of magic mapping
 i - a scroll of enchant weapon {unknown}
 j - a scroll of remove curse {unknown}
 k - a scroll of identify {unknown}
 l - a scroll of fear {unknown}
Miscellaneous
 f - a dusty tome


   Skills:
 * Level 2.1 Fighting
 + Level 2.0 Maces & Flails
 + Level 1.1 Armour
 - Level 3.0 Dodging
 - Level 3.6 Stealth


You had one spell level left.
You didn't know any spells.
Your spell library was empty.

Dungeon Overview and Level Annotations

Branches:
Dungeon (2/12)

Altars:


Innate Abilities, Weirdness & Mutations

You do not eat or drink.
You are immune to poison.
Your flesh is cold resistant. (rC+)
Your body sometimes deteriorates upon taking damage.
You are immune to negative energy. (rN+++)
You are immune to unholy pain and torment.
You can survive without breathing.
When hurt, damage is shared between your health and your magic reserves.
Your movements are slightly less encumbered by armour. (ER -2)
Casting spells heals you.


Message History

You hit the crimson imp but do no damage.
The crimson imp is lightly wounded.
The crimson imp hits you but does no damage.
You hit the crimson imp.
The crimson imp is moderately wounded.
The crimson imp laughs crazily.
The crimson imp barely misses you.
You miss the crimson imp.
The crimson imp is lightly wounded.
The crimson imp misses you.
You barely miss the crimson imp.
The crimson imp is lightly wounded.
The crimson imp barely misses you.
You barely miss the crimson imp.
The crimson imp blinks!
The crimson imp blinks!
You are too injured to fight recklessly!
You are too injured to fight recklessly!
Things that are here:
a +0 club; a scroll labeled ENOUKHL VIUNNU Are you sure you want to abandon this character and quit the game? (Confirm with "yes".)

#.#.# ...# #.#.# #.##
#...# #... #.#.# #...
#.#.# #... #.#.# #...
#.#.## ###.##
######....###########.#.#
#........@........<...#.#
#...%...).#########.#.#.#
######..### #.#.#.#
#######5.# #.#.#5#
......>..##### #.#.#.#
#####........# #÷#.#.#
#.##.###.# #.#>#)# ...
#.# #.#.#.# ###. #.#
#.#.#.#


You could see a crimson imp.

Vanquished Creatures
  A bat (D:1)
  A giant cockroach (D:1)
  3 goblins (D:1)
  3 hobgoblins
  3 jackals (D:1)
  A quokka (D:1)
  2 ball pythons (D:1)
  2 frilled lizards (D:1)
  5 kobolds
  3 rats (D:1)
24 creatures vanquished.

Notes
Turn   | Place    | Note
-------+----------+-------------------------------------------
     0 | D:1      | Flugslaktarn the Skeleton Archaeologist began the quest for
                  | the Orb.
     0 | D:1      | Reached XP level 1. HP: 12/12 MP: 1/1
   508 | D:1      | Reached XP level 2. HP: 16/16 MP: 2/2
   781 | D:1      | Reached skill level 1 in Armour
  1175 | D:2      | Noticed a crimson imp
  1628 | D:2      | Quit the game

Skill      XL: |  1  2 |
---------------+-------+-----
Armour         | 1 |  1.1
Fighting       | 2 |  2.1
Maces & Flails | 2 |  2.0
Dodging        | |  3.0
Stealth        | |  3.6

Action                   || total
-------------------------++-------
Melee: Whip              ||   265
 Stab: Sleeping          ||     1
Armor: Scale mail        ||    97
       Robe              ||     2
Dodge: Dodged            ||   130
